 Dungeon Crawl Stone Soup version 0.29-a0-998-g1987434951 (webtiles) character file.

Game seed: 17159846306221963191

602 vurker the Cutter (level 7, -1/37 HPs)
             Began as a Vine Stalker Enchanter on Aug 5, 2022.
             Slain by an ogre
             ... wielding a +0 giant spiked club
              (25 damage)
             ... on level 5 of the Dungeon.
             The game lasted 00:08:06 (4682 turns).

vurker the Cutter (Vine Stalker Enchanter)          Turns: 4682, Time: 00:08:06

Health: -1/37      AC: 11    Str: 13    XL:     7   Next: 41%
Magic:  0/11       EV: 10    Int: 15    God:
Gold:   243        SH:  0    Dex: 14    Spells: 10/10 levels left

rFire   . . .      SeeInvis .   l - +1 short sword
rCold   . . .      Faith    .   (no shield)
rNeg    + . .      Spirit   +   q - +0 ring mail
rPois   .          Reflect  .   a - +1 helmet
rElec   .          Harm     .   o - +0 cloak
rCorr   +          Rampage  .   j - +2 pair of gloves
Will    +....                   (no boots)
Stlth   ++........              f - amulet "Marykum" {RegenMP rN+ Will+}
HPRegen 0.92/turn               i - ring of resist corrosion
MPRegen 0.52/turn               (no ring)

@: no status effects
A: fangs 2, regeneration 1, magic shield, antimagic bite, no potion heal 2
a: no special abilities


You were on level 5 of the Dungeon.
You visited 1 branch of the dungeon, and saw 5 of its levels.

You collected 243 gold pieces.

Inventory:

Hand Weapons
 l - a +1 short sword (weapon)
   (You took it off a kobold on level 2 of the Dungeon)
Armour
 a - a +1 helmet (worn)
   (You found it on level 3 of the Dungeon)
 j - a +2 pair of gloves (worn)
   (You found it on level 1 of the Dungeon)
 o - a +0 cloak (worn)
   (You found it on level 4 of the Dungeon)
 q - a +0 ring mail (worn)
   (You found it on level 4 of the Dungeon)
Jewellery
 f - the amulet "Marykum" (around neck) {RegenMP rN+ Will+}
   (You acquired it on level 2 of the Dungeon)

   [amulet of magic regeneration]

   It increases your rate of magic regeneration.
   rN:        It protects you from negative energy.
   Will:      It increases your willpower.
 i - a ring of resist corrosion (left hand)
   (You found it on level 1 of the Dungeon)
Wands
 b - a wand of charming (13)
   (You found it on level 5 of the Dungeon)
Scrolls
 d - 4 scrolls of teleportation
 e - 3 scrolls of identify
 h - 2 scrolls of immolation
 n - 2 scrolls of blinking
Potions
 c - 3 potions of invisibility
 g - 4 potions of ambrosia
 k - a potion of might
 m - a potion of flight {unknown}
 p - 2 potions of lignification


   Skills:
 + Level 3.8 Fighting
 * Level 5.8 Short Blades
 - Level 1.5 Dodging
 - Level 3.6 Stealth
 - Level 2.1 Spellcasting
 - Level 3.0 Hexes


You had 10 spell levels left.
You didn't know any spells.
Your spell library contained the following spells:

 Spells                   Type           Power      Damage    Failure   Level
 Slow                     Hex            40%        N/A       14%         1
 Ensorcelled Hibernation  Hex/Ice        12%        N/A       36%         2
 Confusing Touch          Hex            10%        N/A       38%         3
 Tukima's Dance           Hex            10%        N/A       38%         3
 Dazzling Flash           Conj/Hex       12%        N/A       61%         3
 Ignite Poison            Fire/Tmut/Pois 1%         N/A       82%         3
 Mephitic Cloud           Conj/Pois/Air  1%         N/A       82%         3
 Vampiric Draining        Necr           1%         2d6       82%         3
 Freezing Cloud           Conj/Ice/Air   0%         6-21      100%        5


Dungeon Overview and Level Annotations

Branches:
Dungeon (5/15)
 Temple: D:4-7

Altars:
Ashenzari
Gozag
Hepliaklqana
Ru

Annotations:
D:5 2 transporters


Innate Abilities, Weirdness & Mutations

You have extremely sharp teeth.
Your natural rate of healing is unusually fast.
When hurt, damage is shared between your health and your magic reserves.
Your bite disrupts and absorbs the magic of your enemies.
Potions cannot restore your health.


Message History

The white imp gestures at you. The puff of frost misses you.
The orc hits you but does no damage.
You hit the white imp. You bite the white imp.
The white imp's magic leaks into the air.
You drain its magic.
You feel invigorated.
You barely miss the white imp. Your bite misses the white imp.
The white imp hits you but does no damage.
The orc hits you but does no damage.
You hit the white imp but do no damage. You bite the white imp.
You kill the white imp!
The orc hits you but does no damage. The orc hits you but does no damage.
You barely miss the orc. You bite the orc. You drain its power.
The orc hits you but does no damage.
You hit the orc.
You kill the orc!
No target in view!
No target in view!
No target in view!
No target in view!
No target in view!
No target in view!
No target in view!
No target in view!
No target in view!
No target in view!
No target in view!
No target in view!
No target in view!
No target in view!
No target in view!
No target in view!
You now have 243 gold pieces (gained 9).
You see here 7 stones.
Found a stone staircase leading up.
Found a spear.
An ogre comes into view. It is wielding a +0 giant spiked club.
The ogre shouts!
An ogre is nearby!
The ogre hits you with a +0 giant spiked club!
You hit the ogre but do no damage. Your bite misses the ogre. You hit the ogre.
Your bite misses the ogre. The ogre barely misses you.
You barely miss the ogre. You bite the ogre, but do no damage.
You hit the ogre but do no damage. You bite the ogre, but do no damage.
The ogre hits you with a +0 giant spiked club!
You barely miss the ogre. You bite the ogre, but do no damage.
You hit the ogre. You bite the ogre, but do no damage.
The ogre hits you with a +0 giant spiked club!!
Ouch! That really hurt!
You die...

...#########.####..##
...##....###.####..##
....#........#......#
...##........#......#
...##........#......#
...##....###.###...## #
...##....############...
........................
................@O......
........................
..###'##..###..#.#.)#...
#####.##..########### #
..)...+......#
...)..#......#
......#......#
......#.<....##
.###.###......#


You could see an ogre.

Vanquished Creatures
  A black bear (D:5)
  A centaur (D:5)
  2 phantoms (D:4)
  2 hounds
  An orc priest (D:5)
  An iguana (D:4)
  3 gnolls
  4 adders (D:4)
  A white imp (D:5)
  2 worms
  4 dart slugs
  10 orcs
  9 ball pythons
  2 bats
  6 endoplasms
  2 giant cockroaches
  4 hobgoblins
  3 jackals (D:3)
  6 quokkas
  6 frilled lizards
  11 goblins
  5 kobolds
  3 rats (D:1)
89 creatures vanquished.

Notes
Turn   | Place    | Note
-------+----------+-------------------------------------------
     0 | D:1      | vurker the Vine Stalker Enchanter began the quest for the
                  | Orb.
     0 | D:1      | Reached XP level 1. HP: 9/9 MP: 4/4
    19 | D:1      | Reached skill level 1 in Short Blades
   175 | D:1      | Reached XP level 2. HP: 12/14 MP: 4/6
   464 | D:1      | Found a faded altar of an unknown god.
   723 | D:1      | Reached skill level 1 in Fighting
   723 | D:1      | Reached skill level 2 in Short Blades
  1016 | D:2      | Identified a scroll of acquirement
  1016 | D:2      | Acquired the amulet "Marykum" {RegenMP rN+ Will+}
  1205 | D:2      | Reached XP level 3. HP: 15/18 MP: 5/7
  2166 | D:3      | Reached skill level 3 in Short Blades
  2166 | D:3      | Gained mutation: Your natural rate of healing is unusually
                  | fast. [Vine Stalker growth]
  2166 | D:3      | Reached XP level 4. HP: 14/23 MP: 8/8
  2306 | D:3      | Found a broken altar of Ashenzari.
  3299 | D:4      | Reached XP level 5. HP: 21/26 MP: 9/9
  3631 | D:4      | Reached skill level 4 in Short Blades
  4006 | D:5      | Entered Level 5 of the Dungeon
  4006 | D:5      | Noticed a black bear
  4006 | D:5      | Noticed a phantom
  4036 | D:4      | Killed a phantom
  4037 | D:4      | Reached XP level 6. HP: 26/32 MP: 10/10
  4055 | D:5      | Killed a black bear
  4070 | D:5      | Found a hazy altar of Hepliaklqana.
  4071 | D:5      | Found an opulent altar of Gozag.
  4084 | D:5      | Reached skill level 5 in Short Blades
  4088 | D:5      | Found a transporter.
  4110 | D:5      | Reached XP level 7. HP: 34/36 MP: 11/11
  4360 | D:5      | Found a transporter.
  4539 | D:5      | Found a sacrificial altar of Ru.
  4682 | D:5      | Slain by an ogre

Illustrated notes

Levels and vault maps discovered:
D:1:      roderic_dead_forest, layout_loops_ring,
          hellmonk_ecumenical_altar_blasted
D:2:      layout_basic
D:3:      layout_basic, lemuel_tele_altar
D:4:      layout_gridville
D:5:      gammafunk_wand_slinger, layout_gridville,
          gammafunk_temple_overflow_forgotten

Skill      XL: |  1  2  3  4  5  6 |
---------------+-------------------+-----
Short Blades   | 1 2 3 4 5 |  5.8
Fighting       | 1 2 3 |  3.8
Dodging        | |  1.5
Stealth        | |  3.6
Spellcasting   | |  2.1
Hexes          | |  3.0

Action                   |  1- 3 |  4- 6 |  7- 9 || total
-------------------------+-------+-------+-------++-------
Melee: Dagger            |    81 |       |       ||    81
       Bite              |    23 |    54 |    31 ||   108
       Punch             |     2 |     3 |     1 ||     6
       Short sword       |    20 |   210 |    99 ||   329
  Use: Scroll            |     6 |     6 |     3 ||    15
 Stab: Sleeping          |     6 |    10 |       ||    16
       Distracted        |     1 |       |       ||     1
Armor: Robe              |    20 |    32 |       ||    52
       Ring mail         |       |    52 |    46 ||    98
Dodge: Dodged            |    51 |   118 |    55 ||   224

Table legend: (Time is in decaauts)
 A = Elapsed time spent in this place.
 B = Non-inter-level travel time spent in this place.
 C = Inter-level travel time spent in this place.
 D = Time resting spent in this place.
 E = Time spent auto-exploring this place.
 F = Levels seen in this place.
 G = Mean time per level.
                   A        B        C        D        E       F      G
               +--------+--------+--------+--------+--------+-----+--------+
         Total |   4640 |   4342 |    298 |     10 |   3370 |   5 |  928.0 |
       Dungeon |   4640 |   4342 |    298 |     10 |   3370 |   5 |  928.0 |
               +--------+--------+--------+--------+--------+-----+--------+

Top non-repeatable levels by time:
     D:3: 1101 daAuts
     D:2: 1085 daAuts
     D:1: 1042 daAuts
     D:4: 853 daAuts
     D:5: 557 daAuts
